3AAA
PENNSAUKEN FLYERS @ ALASKAN HUMPBACKS
08/21/2031
 
TOP OF THE 1ST
Pennsauken Flyers batting - Pitching for Alaskan Humpbacks : LHP Hervé Favier
Pitching: LHP Hervé Favier
Batting: SHB Juan Torres 0-0: Swinging Strike
0-1: Swinging Strike
0-2: Foul Ball, location: 2F
0-2: Fly out, F9 (Flyball, 9S)
Batting: RHB Tomás Gonzáles 0-0: Swinging Strike
0-1: Swinging Strike
0-2: Strikes out swinging
Batting: RHB José Rodríguez 0-0: Called Strike
0-1: Foul Ball, location: 2F
0-2: Strikes out swinging
Top of the 1st over - 0 runs, 0 hits, 0 errors, 0 left on base; Pennsauken 0 - Alaskan 0
BOTTOM OF THE 1ST
Alaskan Humpbacks batting - Pitching for Pennsauken Flyers : LHP Bernie Sanders
Pitching: LHP Bernie Sanders
Batting: RHB Jesús Torres 0-0: Called Strike
0-1: Ball
1-1: Called Strike
1-2: SINGLE (Line Drive, 56D)
Batting: RHB Scott Dourque 0-0: Called Strike
0-1: Ball
1-1: Called Strike
1-2: Ball
2-2: Foul Ball, location: 2F
2-2: Foul Ball, location: 2F
2-2: Ball
3-2: Strikes out looking
Batting: RHB Erik Sterk 0-0: Called Strike
0-1: Ball
1-1: Ball
2-1: Ball
3-1: SINGLE (Flyball, 7LS)
Jesús Torres to second
Batting: RHB Lee Suárez 0-0: Ball
1-0: Ball
2-0: Called Strike
2-1: SINGLE (Flyball, 89M)
Jesús Torres to third
Erik Sterk to second
Runner from 3rd tries for Home, SAFE, no throw
Batting: RHB Peter Agulera 0-0: Ball
1-0: Ball
2-0: Ball
3-0: Called Strike
3-1: Base on Balls
Erik Sterk to third
Lee Suárez to second
Batting: RHB Wally Briggs 0-0: Called Strike
0-1: Foul Ball, location: 2F
0-2: Fly out, F9 (Line Drive, 9S)
Runner from 3rd tags up, SCORES, no throw
Batting: RHB Jonathan Cook 0-0: Foul Ball, location: 2F
0-1: Foul Ball, location: 2F
0-2: Strikes out swinging
Bottom of the 1st over - 2 runs, 3 hits, 0 errors, 2 left on base; Pennsauken 0 - Alaskan 2
TOP OF THE 2ND
Pennsauken Flyers batting - Pitching for Alaskan Humpbacks : LHP Hervé Favier
Batting: RHB Alan Bryan 0-0: Foul Ball, location: 2F
0-1: SINGLE (Flyball, 8LS)
Batting: RHB Isuru Tanaka 0-0: Ball
1-0: Ball
2-0: Ball
3-0: Base on Balls
Alan Bryan to second
Batting: RHB Bartolo Rosas 0-0: Ball
1-0: Foul Ball, location: 2F
1-1: SINGLE (Groundball, 6MD)
Alan Bryan to third
Isuru Tanaka to second
Runner from 3rd tries for Home, SAFE, no throw
Batting: RHB Raúl Francisco 0-0: Ball
1-0: Swinging Strike
1-1: Ball
2-1: Ball
3-1: Base on Balls
Isuru Tanaka to third
Bartolo Rosas to second
Batting: LHB Jorge Ortíz 0-0: Called Strike
0-1: Ball
1-1: Ball
2-1: Called Strike
2-2: Ball
3-2: SINGLE (Groundball, 6S) (infield hit)
Isuru Tanaka scores
Bartolo Rosas to third
Raúl Francisco to second
Batting: RHB Vic Richards 0-0: Ball
1-0: Called Strike
1-1: Swinging Strike
1-2: Ball
2-2: Ball
3-2: Strikes out swinging
Batting: SHB Juan Torres 0-0: Ball
1-0: Foul Ball, location: 2F
1-1: Ball
2-1: Ball
3-1: SINGLE (Line Drive, 7S)
Bartolo Rosas scores
Raúl Francisco to third
Jorge Ortíz to second
Batting: RHB Tomás Gonzáles 0-0: Foul Ball, location: 2F
0-1: Ball
1-1: Called Strike
1-2: Ball
2-2: Strikes out swinging
Batting: RHB José Rodríguez 0-0: Called Strike
0-1: Fly out, F7 (Line Drive, 7D)
Top of the 2nd over - 3 runs, 4 hits, 0 errors, 3 left on base; Pennsauken 3 - Alaskan 2
BOTTOM OF THE 2ND
Alaskan Humpbacks batting - Pitching for Pennsauken Flyers : LHP Bernie Sanders
Batting: RHB Ramón Valdéz 0-0: Ball
1-0: Ball
2-0: Ball
3-0: Base on Balls
Batting: RHB Jean Chamissa 0-0: Called Strike
0-1: Ball
1-1: Foul Ball, location: 2F
1-2: Ball
2-2: Ball
3-2: Base on Balls
Ramón Valdéz to second
Batting: RHB Jesús Torres 0-0: Ball
1-0: Fly out, F8 (Flyball, 78D)
Batting: RHB Scott Dourque 0-0: Ball
Ramón Valdéz steals 3rd base
Jean Chamissa to second
1-0: Called Strike
1-1: Fly out, F9 (Flyball, 9S)
Batting: RHB Erik Sterk 0-0: Ball
1-0: Ball
2-0: Fly out, F8 (Line Drive, 8LM)
Bottom of the 2nd over - 0 runs, 0 hits, 0 errors, 2 left on base; Pennsauken 3 - Alaskan 2
TOP OF THE 3RD
Pennsauken Flyers batting - Pitching for Alaskan Humpbacks : LHP Hervé Favier
Batting: RHB Alan Bryan 0-0: Ball
1-0: Ground out 4-3 (Groundball, 4)
Batting: RHB Isuru Tanaka 0-0: Ball
1-0: Ball
2-0: Swinging Strike
2-1: Foul Ball, location: 2F
2-2: Foul Ball, location: 2F
2-2: Ball
3-2: Foul Ball, location: 2F
3-2: Strikes out swinging
Batting: RHB Bartolo Rosas 0-0: Called Strike
0-1: Swinging Strike
0-2: Ball
1-2: Strikes out swinging
Top of the 3rd over - 0 runs, 0 hits, 0 errors, 0 left on base; Pennsauken 3 - Alaskan 2
BOTTOM OF THE 3RD
Alaskan Humpbacks batting - Pitching for Pennsauken Flyers : LHP Bernie Sanders
Batting: RHB Lee Suárez 0-0: Called Strike
0-1: Ground out 6-3 (Groundball, 56)
Batting: RHB Peter Agulera 0-0: Ball
1-0: Ground out U3 (Groundball, 34)
Batting: RHB Wally Briggs 0-0: Called Strike
0-1: Foul Ball, location: 2F
0-2: Foul Ball, location: 2F
0-2: Ground out 6-3 (Groundball, 56)
Bottom of the 3rd over - 0 runs, 0 hits, 0 errors, 0 left on base; Pennsauken 3 - Alaskan 2
TOP OF THE 4TH
Pennsauken Flyers batting - Pitching for Alaskan Humpbacks : LHP Hervé Favier
Batting: RHB Raúl Francisco 0-0: Ball
1-0: Ball
2-0: Called Strike
2-1: Ball
3-1: Foul Ball, location: 2F
3-2: Fly out, F4 (Popup, 34)
Batting: LHB Jorge Ortíz 0-0: Ball
1-0: Swinging Strike
1-1: Called Strike
1-2: Strikes out swinging
Pitching: RHP Mario Ruíz
Batting: RHB Vic Richards 0-0: Ball
1-0: Called Strike
1-1: Ball
2-1: Ball
3-1: Foul Ball, location: 2F
3-2: Strikes out swinging
Top of the 4th over - 0 runs, 0 hits, 0 errors, 0 left on base; Pennsauken 3 - Alaskan 2
BOTTOM OF THE 4TH
Alaskan Humpbacks batting - Pitching for Pennsauken Flyers : LHP Bernie Sanders
Batting: RHB Jonathan Cook 0-0: Fly out, F4 (Popup, 4S)
Batting: RHB Ramón Valdéz 0-0: Foul Ball, location: 2F
0-1: Foul Ball, location: 2F
0-2: Fly out, F4 (Popup, 23)
Batting: RHB Jean Chamissa 0-0: Swinging Strike
0-1: Ball
1-1: Foul Ball, location: 2F
1-2: Ball
2-2: Ground out 4-3 (Groundball, 4S)
Bottom of the 4th over - 0 runs, 0 hits, 0 errors, 0 left on base; Pennsauken 3 - Alaskan 2
TOP OF THE 5TH
Pennsauken Flyers batting - Pitching for Alaskan Humpbacks : RHP Mario Ruíz
Batting: SHB Juan Torres 0-0: Ball
1-0: Foul Ball, location: 2F
1-1: Called Strike
1-2: Ball
2-2: Ball
3-2: Base on Balls
Batting: RHB Tomás Gonzáles 0-0: Bunted foul
0-1: Ball
1-1: Called Strike
1-2: SINGLE (Line Drive, 56S)
Juan Torres to second
Batting: RHB José Rodríguez 0-0: Ball
1-0: Ball
2-0: Foul Ball, location: 2F
2-1: Swinging Strike
2-2: Strikes out swinging
Batting: RHB Alan Bryan 0-0: Called Strike
0-1: Ball
1-1: Called Strike
Juan Torres steals 3rd base
1-2: Fielders Choice at 2nd, 2-4 (Groundball, 2L)
Batting: RHB Isuru Tanaka 0-0: Ball
1-0: Ball
2-0: Ball
3-0: Foul Ball, location: 2F
3-1: Called Strike
3-2: Strikes out swinging
Top of the 5th over - 0 runs, 1 hit, 0 errors, 2 left on base; Pennsauken 3 - Alaskan 2
BOTTOM OF THE 5TH
Alaskan Humpbacks batting - Pitching for Pennsauken Flyers : LHP Bernie Sanders
Batting: RHB Jesús Torres 0-0: Ball
1-0: Fly out, F3 (Popup, 3)
Batting: RHB Scott Dourque 0-0: Ball
Error on foul ball, E7
1-1: Swinging Strike
1-2: Foul Ball, location: 2F
1-2: Ball
2-2: SINGLE (Line Drive, 56)
Batting: RHB Erik Sterk 0-0: Ball
1-0: Foul Ball, location: 2F
1-1: Ball
2-1: Fly out, F5 (Line Drive, 5)
Batting: RHB Lee Suárez 0-0: Ball
Scott Dourque steals 2nd base
1-0: Ball
2-0: Ball
3-0: Called Strike
3-1: Ground out 3-1 (Groundball, 34)
Bottom of the 5th over - 0 runs, 1 hit, 1 error, 1 left on base; Pennsauken 3 - Alaskan 2
TOP OF THE 6TH
Pennsauken Flyers batting - Pitching for Alaskan Humpbacks : RHP Mario Ruíz
Batting: RHB Bartolo Rosas 0-0: Ball
1-0: Foul Ball, location: 2F
1-1: Ball
2-1: Called Strike
2-2: Ball
3-2: Foul Ball, location: 2F
3-2: Base on Balls
Batting: RHB Raúl Francisco 0-0: Ball
1-0: Called Strike
1-1: Ball
Wild Pitch!
Bartolo Rosas to second
2-1: Foul Ball, location: 2F
2-2: Ball
3-2: SINGLE (Line Drive, 7LM)
Bartolo Rosas to third
Runner from 3rd tries for Home, SAFE, no throw
Batting: LHB Jorge Ortíz 0-0: Ball
1-0: Bunted foul
1-1: Bunted foul
1-2: Ball
2-2: Ball
Raúl Francisco steals 2nd base
3-2: Foul Ball, location: 2F
3-2: Base on Balls
Batting: RHB Vic Richards 0-0: Bunted foul
0-1: Sac Bunt - play at first, batter OUT! 1-4
Raúl Francisco to third
Jorge Ortíz to second
Batting: SHB Juan Torres 0-0: Called Strike
0-1: Ball
1-1: Foul Ball, location: 2F
1-2: Fly out, F9 (Flyball, 9)
Runner from 3rd tags up, SCORES, throw made
Batting: RHB Tomás Gonzáles 0-0: Called Strike
0-1: Ball
1-1: Ball
2-1: Fly out, F7 (Flyball, 7LS)
Top of the 6th over - 2 runs, 1 hit, 0 errors, 1 left on base; Pennsauken 5 - Alaskan 2
BOTTOM OF THE 6TH
Alaskan Humpbacks batting - Pitching for Pennsauken Flyers : LHP Bernie Sanders
Batting: RHB Peter Agulera 0-0: Ball
1-0: Ball
2-0: Foul Ball, location: 2F
2-1: Called Strike
2-2: Ground out 3-1 (Groundball, 3S)
Batting: RHB Wally Briggs 0-0: Ground out 4-3 (Groundball, 4)
Batting: RHB Jonathan Cook 0-0: Ball
1-0: Ball
2-0: SINGLE (Groundball, 6D)
Batting: RHB Ramón Valdéz 0-0: Called Strike
0-1: Called Strike
0-2: Strikes out swinging
Bottom of the 6th over - 0 runs, 1 hit, 0 errors, 1 left on base; Pennsauken 5 - Alaskan 2
TOP OF THE 7TH
Pennsauken Flyers batting - Pitching for Alaskan Humpbacks : RHP Mario Ruíz
Pitching: RHP Greyfriars Bobby
Batting: RHB José Rodríguez 0-0: Ball
1-0: Foul Ball, location: 2F
1-1: Ball
2-1: Ball
3-1: Foul Ball, location: 2F
3-2: SINGLE (Line Drive, 6MD)
Batting: RHB Alan Bryan 0-0: Ball
1-0: Ball
José Rodríguez is caught stealing 2nd base
2-0: Called Strike
2-1: Fly out, F8 (Line Drive, 8LD)
Batting: RHB Isuru Tanaka 0-0: Fly out, F4 (Line Drive, 4M)
Top of the 7th over - 0 runs, 1 hit, 0 errors, 0 left on base; Pennsauken 5 - Alaskan 2
BOTTOM OF THE 7TH
Alaskan Humpbacks batting - Pitching for Pennsauken Flyers : LHP Bernie Sanders
Batting: RHB Jean Chamissa 0-0: Foul Ball, location: 2F
0-1: Swinging Strike
0-2: Ball
1-2: Ball
2-2: Foul Ball, location: 2F
2-2: Ball
3-2: Base on Balls
Batting: RHB Jesús Torres 0-0: Sac Bunt - play at first, batter OUT! 1-3
Jean Chamissa to second
Batting: RHB Scott Dourque 0-0: Foul Ball, location: 2F
0-1: Ground out 5-3 (Groundball, 56)
Batting: RHB Erik Sterk 0-0: Called Strike
0-1: Fly out, F8 (Flyball, 8LD)
Bottom of the 7th over - 0 runs, 0 hits, 0 errors, 1 left on base; Pennsauken 5 - Alaskan 2
TOP OF THE 8TH
Pennsauken Flyers batting - Pitching for Alaskan Humpbacks : RHP Greyfriars Bobby
Batting: RHB Bartolo Rosas 0-0: Ball
1-0: Foul Ball, location: 2F
1-1: Ball
2-1: Ball
3-1: Foul Ball, location: 2F
3-2: Base on Balls
Batting: RHB Raúl Francisco 0-0: Ball
1-0: Called Strike
1-1: Reached on error, E9 (Flyball, 9LS)
Bartolo Rosas to second
Batting: LHB Jorge Ortíz 0-0: Bunted foul
0-1: Bunted foul
0-2: Foul Ball, location: 2F
0-2: Ball
1-2: Strikes out swinging
Batting: RHB Vic Richards 0-0: Called Strike
0-1: Called Strike
0-2: Ball
1-2: Strikes out looking
Batting: SHB Juan Torres 0-0: Called Strike
0-1: Foul Ball, location: 2F
0-2: Foul Ball, location: 2F
0-2: Ball
1-2: Strikes out looking
Top of the 8th over - 0 runs, 0 hits, 1 error, 2 left on base; Pennsauken 5 - Alaskan 2
BOTTOM OF THE 8TH
Alaskan Humpbacks batting - Pitching for Pennsauken Flyers : LHP Bernie Sanders
Batting: RHB Lee Suárez 0-0: Called Strike
0-1: Called Strike
0-2: Fly out, F7 (Flyball, 7LSF)
Batting: RHB Peter Agulera 0-0: Ball
1-0: Ball
2-0: Ball
3-0: Called Strike
3-1: Fly out, F6 (Popup, 6M)
Batting: RHB Wally Briggs 0-0: Fly out, F8 (Flyball, 8RM)
Bottom of the 8th over - 0 runs, 0 hits, 0 errors, 0 left on base; Pennsauken 5 - Alaskan 2
TOP OF THE 9TH
Pennsauken Flyers batting - Pitching for Alaskan Humpbacks : RHP Greyfriars Bobby
Batting: RHB Tomás Gonzáles 0-0: Swinging Strike
0-1: Ball
1-1: Ball
2-1: Ball
3-1: Foul Ball, location: 2F
3-2: Strikes out swinging
Batting: RHB José Rodríguez 0-0: Ball
1-0: Foul Ball, location: 2F
1-1: Called Strike
1-2: Ball
2-2: Ground out 6-3 (Groundball, 6M)
Batting: RHB Alan Bryan 0-0: Ball
1-0: Ball
2-0: Ground out 4-3 (Groundball, 4)
Top of the 9th over - 0 runs, 0 hits, 0 errors, 0 left on base; Pennsauken 5 - Alaskan 2
BOTTOM OF THE 9TH
Alaskan Humpbacks batting - Pitching for Pennsauken Flyers : LHP Bernie Sanders
Pitching: RHP Jeren Kendall
Batting: RHB Jonathan Cook 0-0: Ball
1-0: Ball
2-0: Called Strike
2-1: Called Strike
2-2: SINGLE (Line Drive, 3D)
Batting: RHB Ramón Valdéz 0-0: Called Strike
0-1: Fielders Choice at 2nd, 6-4 (Groundball, 6)
Batting: RHB Jean Chamissa 0-0: Ball
1-0: Called Strike
1-1: Swinging Strike
1-2: Hit by Pitch
Ramón Valdéz to second
Pinch Hitting: LHB Tim Stinson 0-0: Called Strike
0-1: Foul Ball, location: 2F
0-2: Ball
1-2: Fly out, F9 (Flyball, 9)
Pinch Hitting: LHB Craig Morgan 0-0: Called Strike
0-1: Ball
1-1: Ball
2-1: Ball
3-1: Base on Balls
Ramón Valdéz to third
Jean Chamissa to second
Pinch Hitting: LHB Danny Trautmann 0-0: Called Strike
0-1: Ball
1-1: Ball
2-1: Ball
3-1: SINGLE (Line Drive, 89S)
Ramón Valdéz scores
Jean Chamissa to third
Craig Morgan to second
Batting: RHB Lee Suárez 0-0: Called Strike
0-1: Ball
1-1: Fly out, F8 (Line Drive, 78D)
Bottom of the 9th over - 1 run, 2 hits, 0 errors, 3 left on base; Pennsauken 5 - Alaskan 3
Tuesday, June 12th, 2018 - OOTP Baseball 18.8 Build 76